 Dungeon Crawl Stone Soup version 0.31-a0-202-g547052bce9 (webtiles) character file.

Game seed: 3283545214314254134

18 qw the Shooter (level 2, 0/16 HPs)
             Began as a Deep Elf Hunter on June 26, 2023.
             Slain by a kobold
             ... wielding a +2 dagger of speed
              (2 damage)
             ... on level 1 of the Dungeon.
             The game lasted 00:00:03 (57 turns).

qw the Shooter (Deep Elf Hunter)                      Turns: 57, Time: 00:00:04

Health: 0/16       AC:  3    Str:  8    XL:     2   Next: 51%
Magic:  4/4        EV: 12    Int: 13    God:
Gold:   0          SH:  0    Dex: 18    Spells: 1/1 levels left

rFire   . . .        a - +0 shortbow
rCold   . . .        (shield currently unavailable)
rNeg    . . .        c - +0 leather armour
rPois   .            (no helmet)
rElec   .            (no cloak)
rCorr   .            (no gloves)
SInv    .            (no boots)
Will    .....        (no amulet)
Stlth   ++           (no ring)
HPRegen 0.22/turn    (no ring)
MPRegen 0.09/turn

%: no passive effects
@: no status effects
A: no striking features
a: no special abilities


You were on level 1 of the Dungeon.
You visited 1 branch of the dungeon, and saw 1 of its levels.


   Skills:
 - Level 1.5 Fighting
 + Level 6.3 Ranged Weapons
 - Level 2.4 Dodging
 - Level 1.2 Stealth


You had one spell level left.
You didn't know any spells.
Your spell library was empty.

Inventory:

Hand Weapons
 a - a +0 shortbow (weapon)
Armour
 c - a +0 leather armour (worn)
 d - a +0 cloak
Scrolls
 b - a scroll of butterflies

Dungeon Overview and Level Annotations

Branches:
Dungeon (1/15)

Altars:


Message History

d - a +0 cloak A rat comes into view.
You shoot an arrow. The arrow hits the rat.
You kill the rat!
A hobgoblin and a frilled lizard come into view.
You shoot an arrow. The arrow hits the hobgoblin.
The hobgoblin is heavily wounded.
The frilled lizard hisses angrily.
You shoot an arrow.
The arrow hits the hobgoblin but does no damage.
The hobgoblin is heavily wounded.
A bat comes into view.
The bat moves out of view.
You shoot an arrow. The arrow closely misses the hobgoblin.
The hobgoblin hits you but does no damage.
A kobold comes into view. It is wielding a +2 dagger of speed.
You shoot an arrow. The arrow barely misses the hobgoblin.
The arrow barely misses the frilled lizard.
The kobold shouts!
The hobgoblin barely misses you.
You shoot an arrow. The arrow hits the hobgoblin.
The hobgoblin is almost dead.
The hobgoblin hits you but does no damage.
The frilled lizard barely misses you.
You shoot an arrow. The arrow hits the hobgoblin.
You kill the hobgoblin!
The frilled lizard bites you.
You shoot an arrow. The arrow hits the frilled lizard.
You kill the frilled lizard!
You shoot an arrow. The arrow closely misses the kobold.
The arrow hits the bat!
You kill the bat!
The kobold hits you with a +2 dagger of speed. x2
An endoplasm comes into view.
You shoot an arrow. The arrow closely misses the kobold.
The kobold hits you with a +2 dagger of speed. x2
You shoot an arrow. The arrow closely misses the kobold.
The kobold hits you with a +2 dagger of speed. x2
You shoot an arrow. The arrow barely misses the kobold.
The kobold hits you with a +2 dagger of speed.
You die...

#......# #. #......#
#. ###..%).# # #!
#......# .. #.
#......#.# # #.
#.......# .#.###.
#.....##...#
..^...%###............
#%K@####.#######.#
#.J##.####.#.....# #
#. #............#
#.#.#######..#
#....#.....#).# ##.
#.#..#..#<....#.[.
...##.#..#######.#
#### #.#..........#
#.#.....#..###


You could see an endoplasm and a kobold.

Vanquished Creatures
  A gnoll (D:1)
  A dart slug (D:1)
  An endoplasm (D:1)
  A hobgoblin (D:1)
  2 bats (D:1)
  A frilled lizard (D:1)
  A kobold (D:1)
  A rat (D:1)
9 creatures vanquished.

Notes
Turn   | Place    | Note
-------+----------+-------------------------------------------
     0 | D:1      | qw the Deep Elf Hunter began the quest for the Orb.
     0 | D:1      | Reached XP level 1. HP: 12/12 MP: 3/3
     0 | D:1      | 0 ||| qw: Version: 0.3-a-22-g0ed2b0b
     0 | D:1      | 0 ||| qw: Game counter: 6040
     0 | D:1      | 0 ||| qw: Melee chars always use a shield: true
     0 | D:1      | 0 ||| qw: God list: Okawaru
     0 | D:1      | 0 ||| qw: Allow faded altars: false
     0 | D:1      | 0 ||| qw: Do Orc after clearing Dungeon:15 true
     0 | D:1      | 0 ||| qw: Do second Lair branch before Depths: true
     0 | D:1      | 0 ||| qw: Lair rune preference: random
     0 | D:1      | 0 ||| qw: Goals: Normal
     0 | D:1      | 0 ||| PLANNING D:1-11
    29 | D:1      | Reached skill level 6 in Ranged Weapons
    29 | D:1      | Reached XP level 2. HP: 15/16 MP: 4/4
    56 | D:1      | HP: 2/16 [kobold/+2 dagger of speed (4)]
    57 | D:1      | Slain by a kobold

Levels and vault maps discovered:
D:1:      ebering_hopf_link, layout_loops_ring, minmay_tetromino_l4

Skill      XL: |  1 |
---------------+----+-----
Ranged Weapons | 6 |  6.3
Fighting       | |  1.5
Dodging        | |  2.4
Stealth        | |  1.2

Action                     || total
---------------------------++-------
   Fire: Shortbow          ||    25
 Armour: Leather armour    ||     4
  Dodge: Dodged            ||    11

Table legend:
 A = Non-vault XP
 B = Vault XP
 C = Vault XP percentage of total XP
 D = Non-vault monster count
 E = Vault monster count
 F = Vault count percentage of total count
                 A         B        C        D         E       F
            +---------+---------+-------+---------+---------+-------
      Total |      23 |       4 |  14.8 |       6 |       3 |  33.3
            +---------+---------+-------+---------+---------+-------
        D:1 |      23 |       4 |  14.8 |       6 |       3 |  33.3
            +---------+---------+-------+---------+---------+-------
